 Dungeon Crawl Stone Soup version 0.32-a0-558-g233958a4c4 (webtiles) character file.

Game seed: 13686593587759286379

7096 Xpym the Skirmisher (level 11, -4/79 HPs)
             Began as a Coglin Hunter on Feb 29, 2024.
             Was an Elder of Okawaru.
             Slain by a two-headed ogre
             ... wielding a +0 giant club
              (16 damage)
             ... on level 10 of the Dungeon on Mar 1, 2024.
             The game lasted 00:58:02 (14681 turns).

Xpym the Skirmisher (Coglin Hunter)                Turns: 14681, Time: 00:58:03

Health: -4/79      AC: 10    Str: 11    XL:     11   Next: 9%
Magic:  16/16      EV: 13    Int:  9    God:    Okawaru [****..]
Gold:   622        SH:  0    Dex: 22    Spells: 10/10 levels left

rFire   + . .        r - +0 sling {Ankhesenamen}
rCold   + . .        B - +0 sling {Vicente}
rNeg    . . .        D - +1 ring mail {rPois}
rPois   +            b - +2 helmet
rElec   .            A - scarf {rC+ rF+}
rCorr   .            (no gloves)
SInv    .            (no boots)
Will    .....        (amulet unavailable)
Stlth   +            (ring unavailable)
HPRegen 0.33/turn    (ring unavailable)
MPRegen 0.15/turn    (no gizmo)

%: no passive effects
@: no status effects
A: off-hand wielding, slow wielding, warmup strikes, no jewelry
a: Invent Gizmo, Renounce Religion, Heroism, Finesse


You were on level 10 of the Dungeon.
You worshipped Okawaru.
Okawaru was greatly pleased with you.
You visited 1 branch of the dungeon, and saw 10 of its levels.

You collected 622 gold pieces.


Innate Abilities, Weirdness & Mutations

You can wield a second weapon in your off-hand.
It takes a long time for you to wield or remove held weapons.
Your first few attacks do less damage.
You cannot equip rings or amulets.


   Skills:
 - Level 5.0 Fighting
 * Level 10.5 Ranged Weapons
 + Level 4.8 Armour
 + Level 4.1 Dodging
 - Level 0.7 Stealth
 + Level 7.2 Invocations
 - Level 6.0 Evocations


You had 10 spell levels left.
You didn't know any spells.
Your spell library contained the following spells:

 Spells                   Type           Power      Damage    Failure   Level
 Apportation              Tloc           0%         N/A       65%         1
 Freeze                   Ice            0%         1d3       65%         1
 Necrotise                Necr           0%         1d4       65%         1
 Sandblast                Erth           0%         2d4       65%         1
 Jinxbite                 Hex            0%         N/A       80%         2
 Frozen Ramparts          Ice            0%         1d1       95%         3
 Hailstorm                Conj/Ice       0%         3d5       95%         3
 Inner Flame              Hex/Fire       0%         N/A       95%         3
 Passwall                 Erth           0%         N/A       95%         3
 Sigil of Binding         Hex            0%         N/A       95%         3
 Stone Arrow              Conj/Erth      0%         3d7       95%         3
 Teleport Other           Tloc           0%         N/A       95%         3
 Vampiric Draining        Necr           0%         2d6       95%         3
 Brom's Barrelling Bould  Conj/Erth      0%         2d3       100%        4
 Dimensional Bullseye     Hex/Tloc       0%         N/A       100%        4
 Flame Wave               Conj/Fire      0%         2d4       100%        4
 Sticky Flame             Fire/Alch      0%         2d4       100%        4
 Alistair's Intoxication  Alch           0%         N/A       100%        5
 Curse of Agony           Necr           0%         N/A       100%        5
 Call Canine Familiar     Summ           Unusable   N/A       N/A         3
 Animate Armour           Summ/Erth      Unusable   N/A       N/A         4
 Martyr's Knell           Necr/Summ      Unusable   N/A       N/A         4

Inventory:

Hand Weapons
 r - a +0 sling (weapon) {Ankhesenamen}
 B - a +0 sling (offhand) {Vicente}
Missiles
 p - a throwing net {=f}
 y - 8 poisoned darts
Armour
 b - a +2 helmet (worn)
 i - a +0 troll leather armour
 A - a scarf of resistance (worn)
 D - a +1 ring mail of poison resistance (worn)
 E - +0 acid dragon scales
Wands
 m - a wand of polymorph (4) (quivered)
 u - a wand of digging (4)
 z - a wand of iceblast (10)
 C - a wand of flame (17)
Scrolls
 a - a scroll of enchant weapon {unknown}
 c - a scroll of brand weapon {unknown}
 e - a scroll of vulnerability {unknown}
 g - 4 scrolls of fear
 h - a scroll of poison
 j - a scroll of revelation
 l - 3 scrolls of immolation
 o - a scroll of torment {unknown}
 w - a scroll of teleportation {@r2}
Potions
 d - 4 potions of might
 f - 2 potions of cancellation
 k - a potion of enlightenment {unknown}
 n - 2 potions of haste {@q3}
 q - 2 potions of mutation {unknown}
 s - 5 potions of curing {@q1}
 t - 2 potions of heal wounds {unknown}
 v - a potion of invisibility {unknown}
 x - a potion of ambrosia {unknown}
 F - a potion of lignification {unknown}

Dungeon Overview and Level Annotations

Branches:
Dungeon (10/15)            Temple (0/1) D:6             Orc (0/2) D:10
   Lair: D:8-11

Altars:
Hepliaklqana
Makhleb
Okawaru
Uskayaw
Xom

Annotations:
D:7 Maurice

##'####### #
#........# ######
# #........#
#....# #
#........#
######....# .
#........#
#....'....# ##
#........#
#.####....######
#........###<#
#...<'...#
#........##..#
#....#####
#........O@.##
##'### #
#........#### #.#
## ###'###### #.##
#. #.## #..# ##
#..# ##.# ## ##.#
##############.
#.##
#≈≈≈≈≈≈≈#......
#..#
#≈.....≈#....##
##.#
####§.....≈#...###


You could see a two-headed ogre.


Message History

There is an open door here.
There is an open door here.
There is an open door here.
There is an open door here.
There is an open door here.
There is an open door here.
There is an open door here.
You pick up a book of Party Tricks and begin reading...
You add the spells Apportation, Jinxbite and Alistair's Intoxication to your library.
There is an open door here.
A two-headed ogre is nearby!
The two-headed ogre shouts in stereo!
The two-headed ogre attacks as it pursues you!
The two-headed ogre hits you with a +0 giant club!!
The two-headed ogre hits you with a +0 giant club.
You take 26 damage, and have 53/79 hp.
MASSIVE DAMAGE!!
The two-headed ogre attacks as it pursues you!
The two-headed ogre hits you with a +0 giant club!
* * * LOW HITPOINT WARNING * * *
The two-headed ogre hits you with a +0 giant club!
* * * LOW HITPOINT WARNING * * *
You take 25 damage, and have 30/79 hp.
MASSIVE DAMAGE!!
There is an open door here.
You close the door.
A two-headed ogre opens the door.
There is an open door here.
The two-headed ogre attacks as it pursues you!
The two-headed ogre hits you with a +0 giant club!!
* * * LOW HITPOINT WARNING * * *
The two-headed ogre hits you with a +0 giant club!
You die...

Skill      XL: |  1  2  3  4  5  6  7  8  9 10 11 |
---------------+----------------------------------+-----
Ranged Weapons | 4 5 6 7 9 10 | 10.5
Evocations     | 2 3 5 6 |  6.0
Fighting       | 3 5 |  5.0
Armour         | 1 3 4 |  4.8
Invocations    | 3 6 7 |  7.2
Dodging        | 3 4 |  4.1
Stealth        | |  0.7

Action                     |  1- 3 |  4- 6 |  7- 9 | 10-12 || total
---------------------------+-------+-------+-------+-------++-------
  Melee: Shortbow          |       |     5 |       |       ||     5
   Fire: Shortbow          |    91 |   163 |   278 |       ||   532
         Sling             |       |       |   502 |   646 ||  1148
  Throw: Dart              |       |       |       |     2 ||     2
 Invoke: Heroism           |       |       |     1 |     3 ||     4
         Finesse           |       |       |       |     1 ||     1
  Evoke: Wand              |       |     3 |     7 |    11 ||    21
    Use: Scroll            |     5 |     1 |     6 |     1 ||    13
         Potion            |       |     2 |       |       ||     2
 Armour: Leather armour    |    24 |    51 |    40 |       ||   115
         Skin              |    10 |       |     4 |       ||    14
         Ring mail         |       |       |   210 |   177 ||   387
  Dodge: Dodged            |    32 |    44 |   198 |    99 ||   373

Levels and vault maps discovered:
D:1:      minmay_arrival_semitransparent, layout_basic, minmay_misc_feat_square
D:2:      layout_basic, dreamdust_ecumenical_altar_angels_and_demons
D:3:      minmay_roachtagon, layout_basic, bloody_makhleb, uniq_jessica
D:4:      layout_gridville, lexackson_kobold_supper, uniq_natasha, uniq_pikel
D:5:      layout_loops_cross, mainiacjoe_overflow_tiny_flanked
D:6:      layout_gridville, temple_green
D:7:      layout_loops_corners, gammafunk_temple_overflow_wave,
          hangedman_abyss_or_decor_passed, uniq_maurice
D:8:      layout_basic, lemuel_flamethrower_1
D:9:      layout_irregular_city, general_overflow_altar
D:10:     layout_roguey, erik_orc_3, kennysheep_generic_room_9

Notes
Turn   | Place    | Note
-------+----------+-------------------------------------------
     0 | D:1      | Xpym the Coglin Hunter began the quest for the Orb.
     0 | D:1      | Reached XP level 1. HP: 16/16 MP: 1/1
    57 | D:1      | Reached skill level 4 in Ranged Weapons
    57 | D:1      | Reached XP level 2. HP: 9/22 MP: 2/2
   932 | D:2      | Found a faded altar of an unknown god.
  1028 | D:2      | Reached XP level 3. HP: 20/27 MP: 3/3
  2043 | D:3      | Noticed Jessica
  2075 | D:3      | Killed Jessica
  2076 | D:3      | Reached skill level 2 in Evocations
  2076 | D:3      | Reached XP level 4. HP: 33/33 MP: 4/4
  2302 | D:3      | Found a burning altar of Makhleb.
  2380 | D:3      | Reached skill level 3 in Evocations
  2453 | D:3      | Reached skill level 5 in Ranged Weapons
  2453 | D:3      | Reached XP level 5. HP: 32/38 MP: 5/5
  2546 | D:3      | Reached skill level 4 in Evocations
  3156 | D:4      | Reached skill level 5 in Evocations
  3156 | D:4      | Reached XP level 6. HP: 38/44 MP: 6/6
  3190 | D:4      | HP: 4/66 [scorpion (3)]
  3193 | D:4      | HP: 1/66 [scorpion (2)]
  3416 | D:4      | Reached skill level 6 in Ranged Weapons
  3548 | D:4      | Reached XP level 7. HP: 50/50 MP: 7/7
  4209 | D:5      | Entered Level 5 of the Dungeon
  4209 | D:5      | Found an iron altar of Okawaru.
  4599 | D:4      | Reached skill level 3 in Fighting
  4980 | D:4      | Noticed Pikel
  5684 | D:5      | Reached skill level 1 in Armour
  5845 | D:5      | Became a worshipper of Warmaster Okawaru
  5977 | D:6      | Reached skill level 7 in Ranged Weapons
  5981 | D:6      | HP: 4/53 [poisoned by a water moccasin]
  5985 | D:6      | HP: 1/53 [poisoned by a water moccasin]
  6206 | D:6      | Reached XP level 8. HP: 51/60 MP: 8/8
  6245 | D:6      | Reached skill level 1 in Invocations
  6321 | D:6      | Reached skill level 4 in Fighting
  6585 | D:6      | Reached skill level 2 in Armour
  6717 | D:6      | Found a staircase to the Ecumenical Temple.
  6730 | D:6      | Identified a scarf of resistance
  7087 | D:7      | Reached * piety under Okawaru
  7409 | D:7      | Reached skill level 2 in Invocations
  8094 | D:7      | Noticed Maurice
  8425 | D:7      | Found a hide-covered altar of Uskayaw.
  8425 | D:7      | Found a hazy altar of Hepliaklqana.
  8865 | D:8      | Reached skill level 3 in Armour
  8969 | D:8      | Reached skill level 5 in Fighting
  9002 | D:8      | Reached skill level 3 in Invocations
  9009 | D:8      | Reached XP level 9. HP: 41/68 MP: 8/11
  9013 | D:8      | Reached skill level 8 in Ranged Weapons
  9241 | D:8      | Got Foarutunn's Folio of Telluric Distance
  9558 | D:8      | Reached ** piety under Okawaru
  9559 | D:8      | Reached skill level 4 in Invocations
 10204 | D:4      | Noticed Natasha
 10208 | D:4      | Killed Natasha
 10347 | D:4      | Noticed Natasha
 10356 | D:3      | Killed Natasha
 10410 | D:3      | Killed Pikel
 10411 | D:3      | Reached skill level 9 in Ranged Weapons
 10411 | D:3      | Reached skill level 5 in Invocations
 11085 | D:8      | Reached skill level 6 in Invocations
 11417 | D:9      | Reached XP level 10. HP: 62/74 MP: 14/14
 11468 | D:9      | Reached skill level 2 in Dodging
 12009 | D:9      | Reached *** piety under Okawaru
 12242 | D:9      | Reached skill level 3 in Dodging
 12260 | D:9      | Reached skill level 4 in Armour
 12479 | D:9      | Found a shimmering altar of Xom.
 12562 | D:10     | Entered Level 10 of the Dungeon
 12894 | D:10     | Noticed a two-headed ogre
 12994 | D:10     | Noticed a two-headed ogre
 13153 | D:10     | Reached **** piety under Okawaru
 13184 | D:9      | Reached skill level 6 in Evocations
 13403 | D:10     | Noticed a cyclops
 13413 | D:10     | Killed a cyclops
 13414 | D:10     | Reached skill level 10 in Ranged Weapons
 13414 | D:10     | Reached skill level 7 in Invocations
 13753 | D:10     | Reached XP level 11. HP: 31/79 MP: 9/16
 14079 | D:10     | Reached skill level 4 in Dodging
 14441 | D:10     | Found a staircase to the Orcish Mines.
 14681 | D:10     | Slain by a two-headed ogre

Vanquished Creatures
  Pikel (D:3)
  A cyclops (D:10)
  A troll (D:10)
  A fire bat (D:10)
  A wraith (D:9)
  2 wyverns
  11 yaks (D:9)
  2 water moccasins
  A black bear (D:8)
  8 orc warriors
  An ice beast (D:7)
  2 sky beasts
  An ogre (D:10)
  A lemure (D:5)
  A phantom (D:6)
  3 kobold brigands
  2 bullfrogs (D:8)
  2 scorpions (D:4)
  6 wights
  9 killer bees
  2 bombardier beetles
  A howler monkey (D:4)
  6 hounds
  3 jellies
  3 orc priests
  2 sleepcaps
  A gnoll bouda (D:6)
  4 iguanas
  Jessica (D:3)
  Natasha (twice) (D:4 D:3)
  9 orc wizards
  14 gnolls
  3 adders
  2 white imps
  10 ufetubi
  A dart slug (D:5)
  39 orcs
  6 endoplasms
  14 giant cockroaches
  A goblin (D:3)
  7 hobgoblins
  2 jackals (D:1)
  A quokka (D:5)
  4 ball pythons
  3 bats
  A frilled lizard (D:3)
  14 kobolds
  6 rats
219 creatures vanquished.

Vanquished Creatures (collateral kills)
  An orc priest (D:3)
  A white imp (D:5)
  A ribbon worm (D:5)
3 creatures vanquished.

Vanquished Creatures (others)
  A lemure (D:5)
1 creature vanquished.

Grand Total: 223 creatures vanquished

Table legend: (Time is in decaauts)
 A = Elapsed time spent in this place.
 B = Non-inter-level travel time spent in this place.
 C = Inter-level travel time spent in this place.
 D = Time resting spent in this place.
 E = Time spent auto-exploring this place.
 F = Levels seen in this place.
 G = Mean time per level.
                   A        B        C        D        E       F      G
               +--------+--------+--------+--------+--------+-----+--------+
         Total |  14888 |  12407 |   2481 |   1769 |   7331 |  10 | 1488.8 |
       Dungeon |  14888 |  12407 |   2481 |   1769 |   7331 |  10 | 1488.8 |
               +--------+--------+--------+--------+--------+-----+--------+

Top non-repeatable levels by time:
     D:4: 2167 daAuts
     D:9: 2095 daAuts
     D:6: 1688 daAuts
    D:10: 1495 daAuts
     D:5: 1457 daAuts
     D:7: 1453 daAuts
     D:3: 1167 daAuts
     D:8: 1166 daAuts
     D:2: 1130 daAuts
     D:1: 1067 daAuts

Table legend:
 A = Non-vault XP
 B = Vault XP
 C = Vault XP percentage of total XP
 D = Non-vault monster count
 E = Vault monster count
 F = Vault count percentage of total count
                 A         B        C        D         E       F
            +---------+---------+-------+---------+---------+-------
      Total |    8057 |    2081 |  20.5 |     182 |      39 |  17.6
            +---------+---------+-------+---------+---------+-------
        D:1 |      44 |       0 |   0.0 |      18 |       0 |   0.0
        D:2 |      60 |       0 |   0.0 |       7 |       0 |   0.0
        D:3 |     191 |     672 |  77.9 |      19 |      11 |  36.7
        D:4 |     558 |     141 |  20.2 |      18 |       8 |  30.8
        D:5 |     165 |       0 |   0.0 |      15 |       0 |   0.0
        D:6 |     906 |       0 |   0.0 |      21 |       0 |   0.0
        D:7 |     317 |       0 |   0.0 |      12 |       0 |   0.0
        D:8 |    1388 |       0 |   0.0 |      23 |       0 |   0.0
        D:9 |    3274 |      87 |   2.6 |      31 |       5 |  13.9
       D:10 |    1154 |    1181 |  50.6 |      18 |      15 |  45.5
            +---------+---------+-------+---------+---------+-------
